 Dungeon Crawl Stone Soup version 0.28.0 (webtiles) character file.

Game seed: 6353851246950721442

284 fragbeetle the Cleaver (level 6, -2/51 HPs)
             Began as a Hill Orc Fighter on Feb 10, 2022.
             Slain by a gnoll (8 damage)
             ... on level 4 of the Dungeon.
             The game lasted 00:03:24 (3714 turns).

fragbeetle the Cleaver (Hill Orc Fighter)           Turns: 3714, Time: 00:03:25

Health: -2/51      AC:  6    Str: 21    XL:     6   Next: 29%
Magic:  6/6        EV:  9    Int:  8    God:
Gold:   126        SH:  4    Dex: 10    Spells: 5/5 levels left

rFire   . . .      SeeInvis .   a - +0 war axe
rCold   . . .      Faith    .   c - +0 buckler
rNeg    . . .      Spirit   .   b - +0 scale mail
rPois   .          Reflect  .   (no helmet)
rElec   .          Harm     .   (no cloak)
rCorr   .          Rampage  .   (no gloves)
Will    .....                   (no boots)
Stlth   ..........              (no amulet)
HPRegen 0.17/turn               (no ring)
MPRegen 0.10/turn               (no ring)

@: no status effects
A: no striking features
a: no special abilities


You were on level 4 of the Dungeon.
You visited 1 branch of the dungeon, and saw 4 of its levels.

You collected 168 gold pieces.
You spent 42 gold pieces at shops.

Inventory:

Hand Weapons
 a - a +0 war axe (weapon)
 l - a +0 hunting sling of flaming
Missiles
 m - 25 stones (quivered)
 u - 15 sling bullets
Armour
 b - a +0 scale mail (worn)
 c - a +0 buckler (worn)
Scrolls
 h - 3 scrolls of identify {unknown}
 i - a scroll of teleportation {unknown}
 j - a scroll of torment {unknown}
 k - a scroll of magic mapping {unknown}
 o - a scroll of noise {unknown}
Potions
 d - a potion of might
 e - 3 potions of heal wounds {unknown}
 f - 4 potions of curing
 g - a potion of degeneration {unknown}
 n - a potion of invisibility {unknown}
 p - a potion of mutation {unknown}
 q - a potion of cancellation {unknown}
 r - a potion of ambrosia {unknown}
 s - a potion of berserk rage {unknown}
 t - a potion of lignification {unknown}
 v - a potion of resistance {unknown}


   Skills:
 - Level 3.6 Fighting
 * Level 8.5 Axes
 - Level 3.2 Armour
 - Level 3.2 Shields


You had 5 spell levels left.
You didn't know any spells.
Your spell library was empty.

Dungeon Overview and Level Annotations

Branches:
Dungeon (4/15)
 Temple: D:4-7

Altars:
Hepliaklqana

Shops:
D:1 *

Annotations:
D:3 1 runed translucent door, Crazy Yiuf


Message History

Blork the orc is severely wounded.
You hit the adder but do no damage. Blork the orc hits you with a +0 flail!
The adder closely misses you. Blork the orc hits you with a +0 flail.
You are too injured to fight recklessly!
You are too injured to fight recklessly!
You are too injured to fight recklessly!
You slash Blork the orc!
You kill Blork the orc!
You barely miss the adder. You block the adder's attack.
The adder bites you but does no damage.
Your Axes skill increases to level 8!
You have reached level 6!
You closely miss the adder. The adder bites you.
You are poisoned.
The adder poisons you! The adder barely misses you.
You are too injured to fight recklessly!
You are too injured to fight recklessly!
You are too injured to fight recklessly!
You closely miss the adder.
You feel sick. The adder bites you.
You barely miss the adder.
You feel sick. The adder barely misses you. You block the adder's attack.
You slash the adder!
You kill the adder!
You feel sick.
You slash the gnoll!
The gnoll is almost dead.
You feel sick. The gnoll completely misses you.
You barely miss the gnoll.
The gnoll is almost dead.
You feel sick. The gnoll hits you with a +0 flail.
* * * LOW HITPOINT WARNING * * *
You barely miss the gnoll.
The gnoll is almost dead.
You feel sick.
You are no longer poisoned.
The gnoll hits you but does no damage.
You closely miss the gnoll.
The gnoll is almost dead.
The gnoll hits you with a +0 flail!
You die...

#.#
#.†...####
# #.#
#.....# #
#.#
#....†.# #
#.#
##......# .
##.#
#........
#..#
#........#
#.##
#[...##....
#.# #....#
.#.. #@#
#.#### ....
#g# #).#
#....
#.....
#.....#
#.....#
#.....#
#......


You could see a gnoll.

Vanquished Creatures
  Blork the orc (D:4)
  A hound (D:4)
  Terence (D:2)
  5 adders
  4 worms
  6 dart slugs
  8 orcs (D:3)
  5 bats
  10 endoplasms
  5 giant cockroaches
  5 goblins
  6 hobgoblins
  2 jackals (D:2)
  3 quokkas
  7 ball pythons
  5 frilled lizards
  8 kobolds
  2 rats
84 creatures vanquished.

Vanquished Creatures (others)
  2 plants (D:2)
2 creatures vanquished.

Grand Total: 86 creatures vanquished

Notes
Turn   | Place    | Note
-------+----------+-------------------------------------------
     0 | D:1      | fragbeetle the Hill Orc Fighter began the quest for the
                  | Orb.
     0 | D:1      | Reached XP level 1. HP: 19/19 MP: 1/1
    28 | D:1      | Reached skill level 3 in Axes
   152 | D:1      | Reached XP level 2. HP: 22/26 MP: 2/2
   233 | D:1      | Reached skill level 4 in Axes
   708 | D:1      | Reached XP level 3. HP: 31/31 MP: 3/3
   953 | D:1      | Found Anefaad's General Store.
   961 | D:1      | Bought a potion of curing for 42 gold pieces
  1151 | D:2      | Noticed Terence
  1305 | D:2      | Reached skill level 5 in Axes
  1452 | D:2      | Killed Terence
  1453 | D:2      | Reached XP level 4. HP: 30/39 MP: 4/4
  1599 | D:2      | Reached skill level 6 in Axes
  1814 | D:2      | Found a faded altar of an unknown god.
  2580 | D:3      | Reached XP level 5. HP: 45/45 MP: 5/5
  3066 | D:3      | Reached skill level 7 in Axes
  3418 | D:3      | Found a runed translucent door.
  3419 | D:3      | Noticed Crazy Yiuf
  3454 | D:3      | Found a hazy altar of Hepliaklqana.
  3698 | D:4      | Noticed Blork the orc
  3705 | D:4      | Killed Blork the orc
  3706 | D:4      | Reached skill level 8 in Axes
  3706 | D:4      | Reached XP level 6. HP: 22/51 MP: 6/6
  3714 | D:4      | Slain by a gnoll

Illustrated notes

Levels and vault maps discovered:
D:1:      wander_arrival_desolate, layout_basic, serial_shops, shop,
          hangedman_feature_mirror, lemuel_another_geyser
D:2:      layout_rooms, hellmonk_ecumenical_altar_heavens_door, serial_forest,
          infiniplex_forest_join, infiniplex_forest_clump_medium,
          infiniplex_forest_straight_1, infiniplex_forest_straight_3,
          infiniplex_forest_lined_room_3, infiniplex_forest_fountain,
          chequers_serial_rivers_marsh, uniq_terence
D:3:      minmay_inner_zag, layout_basic, nzn_hepliaklqana_mist_gate,
          uniq_crazy_yiuf_cottage
D:4:      layout_rooms, nicolae_grassy_gnolls, uniq_natasha, uniq_blork_the_orc,
          uniq_edmund

Skill      XL: |  1  2  3  4  5 |
---------------+----------------+-----
Axes           | 3 4 5 6 8 |  8.5
Fighting       | |  3.6
Armour         | |  3.2
Shields        | |  3.2

Action                   |  1- 3 |  4- 6 || total
-------------------------+-------+-------++-------
Melee: War axe           |   111 |   157 ||   268
Armor: Scale mail        |    59 |    54 ||   113
Dodge: Dodged            |    51 |    58 ||   109
Block: Buckler           |    20 |    26 ||    46
